AoeStats
← [TUC] P E L U S A

Oasis

509234060Analyzed
2v2 RM · 5d ago on Sep 26, 2026· 60m 53s· 4 players
Game mode
Random Map
Map size
Medium (4 player)
Population
200
Speed
Normal
Resources
Standard
Victory
Conquest
Starting age
Dark Age
Ending age
Imperial Age
RankedLock teamsTeams togetherTeam positionsShared explorationLock speedFull tech treeHidden civsTurbo modeCheats
Victory
Defeat
🇦🇺 Varangians · Australia
1266
+16
🇦🇷 Danes · Argentina
1233
+17
🇩🇰 Varangians · Denmark
1268
-17
🇦🇷 Persians · Argentina
1243
-16
Welcome To The Jungle
7:34 Loom
10:30 Feudal Age
13:30 Wheelbarrow
13:09 Bloodlines
13:43 Forging
13:26 Horse Collar
18:46 Double-Bit Axe
21:07 Gold Mining
23:25 Castle Age
24:16 Husbandry
25:24 Hand Cart
28:51 Town Watch
29:46 Scale Barding Armor
31:18 Chain Barding Armor
31:12 Bow Saw
34:40 Iron Casting
45:56 Fletching
46:07 Padded Archer Armor
48:42 Imperial Age
46:12 Vendel Legacy
46:50 Bodkin Arrow
47:53 Town Patrol
47:31 Light Cavalry
49:02 Leather Archer Armor
50:26 Hussar
50:29 Cavalier
53:06 Conscription
55:17 Two-Man Saw
54:10 Stone Mining
54:22 Heavy Plow
54:34 Bracer
55:12 Plate Barding Armor
55:38 Blast Furnace
57:22 Chemistry
56:29 Siege Engineers
56:36 Masonry
56:28 Bracer
57:00 Ring Archer Armor
santi_898
7:30 Loom
11:53 Feudal Age
15:42 Horse Collar
15:50 Double-Bit Axe
25:26 Castle Age
26:41 Wheelbarrow
26:07 Pikeman
28:27 Forging
32:57 Scale Mail Armor
35:38 Squires
35:24 Gambesons
35:25 Arson
39:14 Chain Mail Armor
39:34 Iron Casting
44:20 Town Watch
45:22 Iron Casting
50:48 Gold Mining
52:33 Heavy Plow
55:16 Ballistics
57:30 Imperial Age
57:39 Imperial Age
57:43 Hand Cart
58:22 Heavy Scorpion
58:53 Hamask
60:16 Elite Jomsviking
[TUC] P E L U S A
0:45 Loom
11:53 Feudal Age
16:27 Castle Age
15:55 Double-Bit Axe
19:06 Bow Saw
20:04 Horse Collar
23:13 Town Watch
28:13 Wheelbarrow
27:58 Squires
31:14 Caravan
32:57 Hand Cart
33:35 Pikeman
36:28 Scale Mail Armor
36:39 Forging
38:16 Bloodlines
41:26 Imperial Age
40:30 Husbandry
42:35 Conscription
43:08 Chain Mail Armor
45:30 Light Cavalry
45:57 Cavalier
47:43 Iron Casting
48:28 Heavy Plow
48:29 Vendel Legacy
52:58 Halberdier
57:28 Two-Man Saw
55:54 Hussar
58:40 Blast Furnace
57:31 Fletching
57:47 Scale Barding Armor
58:15 Plate Mail Armor
57:39 Arson
57:41 Gambesons
[TUC] NAGES
1:14 Loom
9:58 Feudal Age
14:11 Forging
24:21 Castle Age
23:33 Bloodlines
23:31 Scale Barding Armor
33:49 Parthian Tactics
Connection lost

Rejoining the realm…

Still unreachable

The connection could not be restored.

Session expired

The server has moved on; the page needs a fresh start.